 Dungeon Crawl Stone Soup version 0.30-a0-272-gf98c3da03f (webtiles) character file.

Game seed: 9683240414447909079

19 Morbidden the Sneak (level 2, 23/23 HPs)
             Began as a Formicid Brigand on Oct 15, 2022.
             Was a Follower of Sif Muna.
             Quit the game on level 1 of the Dungeon.
             The game lasted 00:00:39 (747 turns).

Morbidden the Sneak (Formicid Brigand)               Turns: 747, Time: 00:00:40

Health: 23/23      AC:  3    Str: 15    XL:     2   Next: 95%
Magic:  2/2        EV: 11    Int: 10    God:    Sif Muna [*.....]
Gold:   65         SH:  0    Dex: 15    Spells: 1/1 levels left

rFire   . . .      SeeInvis +    a - +2 dagger
rCold   . . .      Faith    .    (no shield)
rNeg    . . .      Spirit   .    b - +0 robe
rPois   .          Reflect  .    (helmet unavailable)
rElec   .          Harm     .    c - +0 cloak
rCorr   .          Rampage  .    (no gloves)
Will    .....                    (no boots)
Stlth   +++.......               (no amulet)
HPRegen 0.23/turn                (no ring)
MPRegen 0.08/turn                (no ring)

@: no status effects
A: permanent stasis, dig shafts and tunnels, antennae 3, four strong arms
a: Dig, Shaft Self, Renounce Religion, Channel Magic


You were on level 1 of the Dungeon.
You worshipped Sif Muna.
Sif Muna was aware of your devotion.
You visited 1 branch of the dungeon, and saw 1 of its levels.

You collected 65 gold pieces.

Inventory:

Hand Weapons
 a - a +2 dagger (weapon)
Missiles
 d - 9 poisoned darts (quivered)
 e - 3 curare-tipped darts
Armour
 b - a +0 robe (worn)
 c - a +0 cloak (worn)
Scrolls
 f - 2 scrolls of immolation {unknown}
 i - 2 scrolls of identify {unknown}
 k - a scroll of fog {unknown}
Potions
 g - 2 potions of brilliance {unknown}
 h - a potion of degeneration {unknown}
 j - a potion of cancellation {unknown}
 l - 2 potions of haste {unknown}


   Skills:
 * Level 2.4 Fighting
 * Level 2.1(2.3) Short Blades
 * Level 1.1(1.8) Long Blades
 + Level 2.0 Throwing
 * Level 0.1 Armour
 * Level 1.0 Dodging
 + Level 5.1 Stealth
 * Level 0.1 Spellcasting


You had one spell level left.
You didn't know any spells.
Your spell library was empty.

Dungeon Overview and Level Annotations

Branches:
Dungeon (1/15)

Altars:
Sif Muna


Innate Abilities, Weirdness & Mutations

You cannot be hasted, slowed, berserked, paralysed or teleported.
You can dig through walls and to a lower floor.
You have a pair of large antennae on your head. (SInv)
Your four strong arms can wield two-handed weapons with a shield.


Message History

A rat is nearby!
The helpless rat fails to defend itself.
You impale the rat!!
You kill the rat!
You see here a rat corpse.
There is a stone staircase leading down here.
You see here a +1 whip of electrocution.
No target in view!
An endoplasm comes into view.
An endoplasm is nearby!
An endoplasm is nearby!
An endoplasm is nearby!
An endoplasm is nearby!
The helpless endoplasm fails to defend itself.
You impale the endoplasm!!
You kill the endoplasm!
There is an open door here.
There is an open door here.
Key pressed, stopping explore.
No target in view!
Key pressed, stopping explore.
No target in view!
Found a robe.
No target in view!
Found a faded altar of an unknown god.
You see here a +0 robe.
Found a leather armour.
l - 2 blue potions You sense a monster nearby.
A quokka comes into view.
There is a faded altar of an unknown god here.
This altar belongs to (a) Sif Muna, (b) Wu Jian or (c) Cheibriados, but you can't tell which.
Press the corresponding letter to learn more about a god, or press enter to convert or escape to cancel.
Okay, then.
This altar belongs to (a) Sif Muna, (b) Wu Jian or (c) Cheibriados, but you can't tell which.
Press the corresponding letter to learn more about a god, or press enter to convert or escape to cancel.
Sif Muna accepts your prayer! Sif Muna welcomes you!
You can now call upon Sif Muna for magical energy.
Unknown command.
Press < or > to pray at altars.
Are you sure you want to abandon this character and quit the game? (Confirm with "yes".)

.# ###..##..###
#.# ##
#..##..##..# #.#
#..##..##..# #.#
##.######### #.#
#######.# #####[#
#....[..# ##.....#
#.####### #......#
..# ##.#.#..# #.#
#...@..## #.#
#..#.#.# #.#
#..[...# #.#
#.##.### #.#
#....# #.#####..
####.# #........
#.#
#.#####...r......#
#.# #########


There were no monsters in sight!

Vanquished Creatures
  A dart slug (D:1)
  3 ball pythons (D:1)
  3 endoplasms (D:1)
  A giant cockroach (D:1)
  2 hobgoblins (D:1)
  A kobold (D:1)
  2 goblins (D:1)
  2 rats (D:1)
15 creatures vanquished.

Notes
Turn   | Place    | Note
-------+----------+-------------------------------------------
     0 | D:1      | Morbidden the Formicid Brigand began the quest for the Orb.
     0 | D:1      | Reached XP level 1. HP: 16/16 MP: 1/1
   168 | D:1      | Reached XP level 2. HP: 22/22 MP: 2/2
   348 | D:1      | Reached skill level 1 in Long Blades
   348 | D:1      | Reached skill level 5 in Stealth
   464 | D:1      | Reached skill level 1 in Dodging
   727 | D:1      | Found a faded altar of an unknown god.
   746 | D:1      | Prayed at the altar of an unknown god.
   746 | D:1      | Became a worshipper of Sif Muna the Loreminder
   746 | D:1      | Reached * piety under Sif Muna
   747 | D:1      | Quit the game

Illustrated notes

Levels and vault maps discovered:
D:1:      lightli_iron_boxes, layout_loops_ring,
          chequers_ecumenical_altar_simple, roderic_filled_cross

Skill      XL: |  1  2 |
---------------+-------+-----
Long Blades    | 1 |  1.1
Stealth        | 5 |  5.1
Dodging        | 1 |  1.0
Fighting       | |  2.4
Short Blades   | |  2.1
Throwing       | |  2.0
Armour         | |  0.1
Spellcasting   | |  0.1

Action                   || total
-------------------------++-------
Melee: Dagger            ||    29
       Punch             ||     2
 Stab: Sleeping          ||     6
Armor: Robe              ||     4
Dodge: Dodged            ||     8

Table legend: (Time is in decaauts)
 A = Elapsed time spent in this place.
 B = Non-inter-level travel time spent in this place.
 C = Inter-level travel time spent in this place.
 D = Time resting spent in this place.
 E = Time spent auto-exploring this place.
 F = Levels seen in this place.
 G = Mean time per level.
                   A        B        C        D        E       F      G
               +--------+--------+--------+--------+--------+-----+--------+
         Total |    744 |    744 |      0 |      0 |    628 |   1 |  744.0 |
       Dungeon |    744 |    744 |      0 |      0 |    628 |   1 |  744.0 |
               +--------+--------+--------+--------+--------+-----+--------+

Top non-repeatable levels by time:
     D:1: 744 daAuts
